SNL (28 & UNDER)
WICHITA WRANGLERS @ WEST VIRGINIA POWER
07/04/2030
 
TOP OF THE 1ST
Wichita Wranglers batting - Pitching for West Virginia Power : LHP José Leyva
Pitching: LHP José Leyva
Batting: LHB Terry Neal 0-0: SINGLE (Groundball, 34D)
Batting: SHB Dan Dunn 0-0: Ball
1-0: Foul Ball, location: 2F
1-1: Foul Ball, location: 2F
1-2: Foul Ball, location: 2F
1-2: Strikes out swinging
Batting: RHB Mauro Paredes 0-0: Called Strike
0-1: Swinging Strike
0-2: Strikes out looking
Terry Neal steals 2nd base
Batter strikes out.
Batting: RHB Oliver Todd 0-0: Ball
Balk!
Terry Neal to third
1-0: Ball
2-0: Ball
3-0: Base on Balls
Batting: RHB Taylor Justice 0-0: SINGLE (Groundball, 34S) (infield hit)
Terry Neal scores
Oliver Todd to second
Batting: RHB Bob Corrigan 0-0: Ball
1-0: Called Strike
1-1: SINGLE (Groundball, 5D)
Oliver Todd to third
Taylor Justice to second
Runner from 3rd tries for Home, SAFE, no throw
Batting: RHB Ricardo Velásquez 0-0: Ball
1-0: Swinging Strike
1-1: Foul Ball, location: 2F
1-2: Fielders Choice at 2nd, 5-4 (Groundball, 56)
Top of the 1st over - 2 runs, 3 hits, 0 errors, 2 left on base; Wichita 2 - West Virginia 0
BOTTOM OF THE 1ST
West Virginia Power batting - Pitching for Wichita Wranglers : LHP António Ruíz
Pitching: LHP António Ruíz
Batting: RHB Nick Mackin 0-0: Called Strike
0-1: Foul Ball, location: 2F
0-2: Foul Ball, location: 2F
0-2: Ball
1-2: Ball
2-2: Strikes out swinging
Batting: RHB Joaquín Vásquez 0-0: Foul Ball, location: 2F
0-1: Called Strike
0-2: Strikes out looking
Batting: RHB Joe Salas 0-0: Ball
1-0: Ball
2-0: Foul Ball, location: 2F
2-1: Fly out, F7 (Flyball, 78XD)
Bottom of the 1st over - 0 runs, 0 hits, 0 errors, 0 left on base; Wichita 2 - West Virginia 0
TOP OF THE 2ND
Wichita Wranglers batting - Pitching for West Virginia Power : LHP José Leyva
Batting: LHB John Lynch 0-0: Ball
1-0: Foul Ball, location: 2F
1-1: Ball
2-1: Ball
3-1: Called Strike
3-2: Base on Balls
Batting: SHB Juan Glaviz 0-0: Ball
1-0: Ball
2-0: Ball
3-0: Called Strike
3-1: Ground out 5-3 (Groundball, 56S)
John Lynch to second
Batting: LHB Terry Neal 0-0: Foul Ball, location: 2F
0-1: Ball
1-1: Ball
John Lynch is caught stealing 3rd base
2-1: Foul Ball, location: 2F
2-2: Ball
3-2: Strikes out swinging
Top of the 2nd over - 0 runs, 0 hits, 0 errors, 0 left on base; Wichita 2 - West Virginia 0
BOTTOM OF THE 2ND
West Virginia Power batting - Pitching for Wichita Wranglers : LHP António Ruíz
Batting: SHB Patrizio Batistuta 0-0: Ball
1-0: DOUBLE (Line Drive, 78D)
Batting: LHB Wilson Turner 0-0: Swinging Strike
0-1: Foul Ball, location: 2F
0-2: Strikes out swinging
Batting: RHB Ira Ross 0-0: Called Strike
0-1: Fly out, F8 (Flyball, 8LS)
Batting: RHB Pedro Echevarría 0-0: Called Strike
0-1: Swinging Strike
0-2: Strikes out swinging
Bottom of the 2nd over - 0 runs, 1 hit, 0 errors, 1 left on base; Wichita 2 - West Virginia 0
TOP OF THE 3RD
Wichita Wranglers batting - Pitching for West Virginia Power : LHP José Leyva
Batting: SHB Dan Dunn 0-0: Ball
1-0: Called Strike
1-1: Ball
2-1: Ball
3-1: Base on Balls
Batting: RHB Mauro Paredes 0-0: Ball
1-0: Ball
2-0: Called Strike
2-1: Foul Ball, location: 2F
2-2: SINGLE (Groundball, 56D)
Dan Dunn to second
Batting: RHB Oliver Todd 0-0: SINGLE (Groundball, 6MD)
Dan Dunn to third
Mauro Paredes to second
Batting: RHB Taylor Justice 0-0: Ball
1-0: Foul Ball, location: 2F
1-1: Called Strike
1-2: SINGLE (Groundball, 56D)
Dan Dunn scores
Mauro Paredes to third
Oliver Todd to second
Batting: RHB Bob Corrigan 0-0: Ball
1-0: Ball
2-0: Foul Ball, location: 2F
2-1: Ball
3-1: Base on Balls
Mauro Paredes scores
Oliver Todd to third
Taylor Justice to second
Batting: RHB Ricardo Velásquez 0-0: Called Strike
0-1: Ball
1-1: Foul Ball, location: 2F
1-2: Ground out 5-3 (Groundball, 5S)
Oliver Todd scores
Taylor Justice to third
Bob Corrigan to second
Batting: LHB John Lynch 0-0: Called Strike
0-1: Ball
1-1: Swinging Strike
1-2: Ball
2-2: Foul Ball, location: 2F
2-2: Ball
3-2: SINGLE (Groundball, 56D)
Taylor Justice scores
Bob Corrigan to third
Batting: SHB Juan Glaviz 0-0: Called Strike
0-1: Called Strike
John Lynch steals 2nd base
0-2: Ball
1-2: Ground out 5-3 (Groundball, 56)
Bob Corrigan scores
Batting: LHB Terry Neal 0-0: Ball
1-0: Ball
2-0: Called Strike
2-1: Foul Ball, location: 2F
2-2: Ball
3-2: Fly out, F8 (Flyball, 78M)
Top of the 3rd over - 5 runs, 4 hits, 0 errors, 1 left on base; Wichita 7 - West Virginia 0
BOTTOM OF THE 3RD
West Virginia Power batting - Pitching for Wichita Wranglers : LHP António Ruíz
Batting: RHB Julián Garza 0-0: Swinging Strike
0-1: Ball
1-1: Foul Ball, location: 2F
1-2: SINGLE (Groundball, 34) (infield hit)
Batting: RHB Héctor Villarreal 0-0: Called Strike
Julián Garza steals 2nd base
0-1: Ball
1-1: Ground out 6-3 (Groundball, 6)
Julián Garza to third
Batting: RHB Nick Mackin 0-0: Ball
1-0: Ball
2-0: Foul Ball, location: 2F
2-1: Fly out, F9 (Flyball, 9LS)
Batting: RHB Joaquín Vásquez 0-0: Called Strike
0-1: Ball
1-1: Called Strike
1-2: Foul Ball, location: 2F
1-2: Foul Ball, location: 2F
1-2: Foul Ball, location: 2F
1-2: Fly out, F8 (Flyball, 89S)
Bottom of the 3rd over - 0 runs, 1 hit, 0 errors, 1 left on base; Wichita 7 - West Virginia 0
TOP OF THE 4TH
Wichita Wranglers batting - Pitching for West Virginia Power : LHP José Leyva
Batting: SHB Dan Dunn 0-0: Ball
1-0: Called Strike
1-1: Called Strike
1-2: Foul Ball, location: 2F
1-2: Ground out 5-3 (Groundball, 56)
Batting: RHB Mauro Paredes 0-0: Ball
1-0: Ball
2-0: Foul Ball, location: 2F
2-1: Foul Ball, location: 2F
2-2: Foul Ball, location: 2F
2-2: Ball
3-2: Foul Ball, location: 2F
3-2: Ground out 1-3 (Groundball, 13S)
Batting: RHB Oliver Todd 0-0: Called Strike
0-1: Fly out, F7 (Flyball, 7D)
Top of the 4th over - 0 runs, 0 hits, 0 errors, 0 left on base; Wichita 7 - West Virginia 0
BOTTOM OF THE 4TH
West Virginia Power batting - Pitching for Wichita Wranglers : LHP António Ruíz
Batting: RHB Joe Salas 0-0: Called Strike
0-1: SINGLE (Groundball, 56S) (infield hit)
Batting: SHB Patrizio Batistuta 0-0: Ball
1-0: Fly out, F7 (Flyball, 78D)
Batting: LHB Wilson Turner 0-0: DOUBLE (Groundball, 3L)
Joe Salas to third
Batting: RHB Ira Ross 0-0: Foul Ball, location: 2F
0-1: Ball
1-1: Foul Ball, location: 2F
1-2: Ball
2-2: Strikes out swinging
Batting: RHB Pedro Echevarría 0-0: Ball
1-0: Swinging Strike
1-1: Ball
2-1: Ball
3-1: Base on Balls
Batting: RHB Julián Garza 0-0: Fly out, F9 (Flyball, 9S)
Bottom of the 4th over - 0 runs, 2 hits, 0 errors, 3 left on base; Wichita 7 - West Virginia 0
TOP OF THE 5TH
Wichita Wranglers batting - Pitching for West Virginia Power : LHP José Leyva
Batting: RHB Taylor Justice 0-0: Foul Ball, location: 2F
0-1: SINGLE (Groundball, 56D)
Batting: RHB Bob Corrigan 0-0: Ball
1-0: Foul Ball, location: 2F
1-1: Foul Ball, location: 2F
1-2: SINGLE (Line Drive, 4MD)
Taylor Justice to second
Batting: RHB Ricardo Velásquez 0-0: Called Strike
0-1: Swinging Strike
0-2: Fly out, F8 (Line Drive, 78M)
Batting: LHB John Lynch 0-0: Called Strike
0-1: Ball
1-1: Swinging Strike
1-2: Ball
2-2: Strikes out looking
Batting: SHB Juan Glaviz 0-0: Called Strike
0-1: Fly out, F8 (Flyball, 8LM)
Top of the 5th over - 0 runs, 2 hits, 0 errors, 2 left on base; Wichita 7 - West Virginia 0
BOTTOM OF THE 5TH
West Virginia Power batting - Pitching for Wichita Wranglers : LHP António Ruíz
Batting: RHB Héctor Villarreal 0-0: Foul Ball, location: 2F
0-1: Called Strike
0-2: Ball
1-2: Fly out, F2 (Popup, 15S)
Batting: RHB Nick Mackin 0-0: Foul Ball, location: 2F
0-1: Ball
1-1: Ball
2-1: SINGLE (Groundball, 6MD)
Batting: RHB Joaquín Vásquez 0-0: Ball
1-0: Ball
2-0: Called Strike
2-1: Foul Ball, location: 2F
2-2: Strikes out swinging
Batting: RHB Joe Salas 0-0: Called Strike
0-1: Swinging Strike
0-2: Ball
1-2: Ground out 4-3 (Groundball, 4)
Bottom of the 5th over - 0 runs, 1 hit, 0 errors, 1 left on base; Wichita 7 - West Virginia 0
TOP OF THE 6TH
Wichita Wranglers batting - Pitching for West Virginia Power : LHP José Leyva
Batting: LHB Terry Neal 0-0: Called Strike
0-1: Ground out 6-3 (Groundball, 6M)
Batting: SHB Dan Dunn 0-0: Foul Ball, location: 2F
0-1: Ball
1-1: Called Strike
1-2: Ball
2-2: Ball
3-2: Base on Balls
Pitching: LHP Joe Jewell
Batting: RHB Mauro Paredes 0-0: Ball
1-0: Ball
2-0: DOUBLE (Line Drive, 7LM)
Dan Dunn to third
Runner from 3rd tries for Home, SAFE, no throw
Batting: RHB Oliver Todd 0-0: Ball
1-0: Ball
2-0: Called Strike
2-1: Foul Ball, location: 2F
2-2: Ball
3-2: Base on Balls
Batting: RHB Taylor Justice 0-0: Ball
1-0: Called Strike
1-1: SINGLE (Groundball, 56D)
Mauro Paredes to third
Oliver Todd to second
Runner from 3rd tries for Home, SAFE, no throw
Batting: RHB Bob Corrigan 0-0: Called Strike
0-1: Ball
1-1: Ball
2-1: Ball
3-1: Base on Balls
Oliver Todd to third
Taylor Justice to second
Batting: RHB Ricardo Velásquez 0-0: Foul Ball, location: 2F
0-1: Called Strike
0-2: Ball
1-2: Fly out, F7 (Line Drive, 78D)
Runner from 3rd tags up, SCORES, no throw
Batting: LHB John Lynch 0-0: Called Strike
0-1: Called Strike
0-2: Fly out, F5 (Line Drive, 56S)
Top of the 6th over - 3 runs, 2 hits, 0 errors, 2 left on base; Wichita 10 - West Virginia 0
BOTTOM OF THE 6TH
West Virginia Power batting - Pitching for Wichita Wranglers : LHP António Ruíz
Batting: SHB Patrizio Batistuta 0-0: Ball
1-0: Ball
2-0: Ball
3-0: Called Strike
3-1: Foul Ball, location: 2F
3-2: Strikes out swinging
Pinch Hitting: RHB Rafael Ortíz 0-0: Ball
1-0: Called Strike
1-1: Swinging Strike
1-2: Ball
2-2: Strikes out looking
Batting: RHB Ira Ross 0-0: Called Strike
0-1: Fly out, F8 (Flyball, 89D)
Bottom of the 6th over - 0 runs, 0 hits, 0 errors, 0 left on base; Wichita 10 - West Virginia 0
TOP OF THE 7TH
Wichita Wranglers batting - Pitching for West Virginia Power : LHP Joe Jewell
Now at 3B: Rafael Ortíz
Batting: SHB Juan Glaviz 0-0: Called Strike
0-1: Ground out 4-3 (Groundball, 34)
Batting: LHB Terry Neal 0-0: Called Strike
0-1: Ball
1-1: SINGLE (Groundball, 3D)
Batting: SHB Dan Dunn 0-0: Ball
1-0: Foul Ball, location: 2F
1-1: 2-RUN HOME RUN (Flyball, 9LD), Distance : 328 ft
Batting: RHB Mauro Paredes 0-0: Hit by Pitch
Batting: RHB Oliver Todd 0-0: Ball
1-0: Foul Ball, location: 2F
1-1: Ball
2-1: Ball
3-1: Base on Balls
Mauro Paredes to second
Batting: RHB Taylor Justice 0-0: Ball
1-0: Grounds into double play, 1-4-3 (Groundball, 15S)
Top of the 7th over - 2 runs, 2 hits, 0 errors, 1 left on base; Wichita 12 - West Virginia 0
BOTTOM OF THE 7TH
West Virginia Power batting - Pitching for Wichita Wranglers : LHP António Ruíz
Batting: RHB Pedro Echevarría 0-0: Swinging Strike
0-1: Ball
1-1: Ball
2-1: Swinging Strike
2-2: Ground out 5-3 (Groundball, 5S)
Batting: RHB Julián Garza 0-0: Reached on error, E3 (Groundball, 34)
Batting: RHB Héctor Villarreal 0-0: Called Strike
0-1: Ball
1-1: Foul Ball, location: 2F
1-2: Strikes out looking
Batting: RHB Nick Mackin 0-0: Ball
1-0: Ball
2-0: Foul Ball, location: 2F
2-1: Ball
3-1: Fly out, F3 (Popup, 3SF)
Bottom of the 7th over - 0 runs, 0 hits, 1 error, 1 left on base; Wichita 12 - West Virginia 0
TOP OF THE 8TH
Wichita Wranglers batting - Pitching for West Virginia Power : LHP Joe Jewell
Batting: RHB Bob Corrigan 0-0: Ball
1-0: Ball
2-0: SINGLE (Groundball, 56D)
Batting: RHB Ricardo Velásquez 0-0: Called Strike
0-1: Ball
1-1: Ball
2-1: Swinging Strike
2-2: Foul Ball, location: 2F
2-2: Ball
3-2: Base on Balls
Bob Corrigan to second
Batting: LHB John Lynch 0-0: Ball
1-0: Ball
2-0: Ball
3-0: Base on Balls
Bob Corrigan to third
Ricardo Velásquez to second
Batting: SHB Juan Glaviz 0-0: Called Strike
0-1: SINGLE (Groundball, 5) (infield hit)
Bob Corrigan scores
Ricardo Velásquez to third
John Lynch to second
Batting: LHB Terry Neal 0-0: Ball
1-0: Foul Ball, location: 2F
1-1: Grounds into double play, 6-4-3 (Groundball, 6)
Ricardo Velásquez scores
John Lynch to third
Batting: SHB Dan Dunn 0-0: Called Strike
0-1: Ball
1-1: Foul Ball, location: 2F
1-2: Foul Ball, location: 2F
1-2: SINGLE (Groundball, 56) (infield hit)
John Lynch scores
Batting: RHB Mauro Paredes 0-0: Swinging Strike
0-1: Ball
1-1: Called Strike
1-2: Ball
2-2: Strikes out looking
Top of the 8th over - 3 runs, 3 hits, 0 errors, 1 left on base; Wichita 15 - West Virginia 0
BOTTOM OF THE 8TH
West Virginia Power batting - Pitching for Wichita Wranglers : LHP António Ruíz
Pitching: RHP Pedro Rivera
Batting: RHB Joaquín Vásquez 0-0: Ball
1-0: Called Strike
1-1: Swinging Strike
1-2: Ball
2-2: Ball
3-2: Base on Balls
Batting: RHB Joe Salas 0-0: Ball
1-0: Grounds into double play, 4-6-3 (Groundball, 4)
Batting: SHB Patrizio Batistuta 0-0: Ball
1-0: Foul Ball, location: 2F
1-1: SINGLE (Groundball, 34D)
Batting: RHB Rafael Ortíz 0-0: Ball
1-0: Swinging Strike
1-1: Called Strike
1-2: Strikes out swinging
Bottom of the 8th over - 0 runs, 1 hit, 0 errors, 1 left on base; Wichita 15 - West Virginia 0
TOP OF THE 9TH
Wichita Wranglers batting - Pitching for West Virginia Power : LHP Joe Jewell
Batting: RHB Oliver Todd 0-0: Foul Ball, location: 2F
0-1: Ball
1-1: Ball
2-1: Ball
3-1: Base on Balls
Pitching: RHP James Waddell
Batting: RHB Taylor Justice 0-0: SINGLE (Flyball, 9S)
Oliver Todd to second
Runner from 2nd tries for 3rd, SAFE, no throw
Batting: RHB Bob Corrigan 0-0: Ball
1-0: Called Strike
1-1: Ball
2-1: Ball
3-1: Called Strike
3-2: Strikes out swinging
Batting: RHB Ricardo Velásquez 0-0: Called Strike
0-1: Swinging Strike
0-2: Ball
1-2: Grounds into double play, 6-4-3 (Groundball, 6)
Top of the 9th over - 0 runs, 1 hit, 0 errors, 1 left on base; Wichita 15 - West Virginia 0
BOTTOM OF THE 9TH
West Virginia Power batting - Pitching for Wichita Wranglers : RHP Pedro Rivera
Batting: RHB Ira Ross 0-0: Ball
1-0: Called Strike
1-1: Called Strike
1-2: Hit by Pitch
Batting: RHB Pedro Echevarría 0-0: Called Strike
0-1: Ball
1-1: Called Strike
1-2: SINGLE (Groundball, 4MD)
Ira Ross to second
Batting: RHB Julián Garza 0-0: Called Strike
0-1: Ball
1-1: SINGLE (Groundball, 34D)
Ira Ross to third
Pedro Echevarría to second
Batting: RHB Héctor Villarreal 0-0: Fly out, F7 (Flyball, 7S)
Batting: RHB Nick Mackin 0-0: Called Strike
0-1: Ball
1-1: Ball
2-1: Ball
3-1: Base on Balls
Ira Ross scores
Pedro Echevarría to third
Julián Garza to second
Batting: RHB Joaquín Vásquez 0-0: Foul Ball, location: 2F
0-1: Ball
1-1: Swinging Strike
1-2: Strikes out looking
Batting: RHB Joe Salas 0-0: Called Strike
0-1: Ball
1-1: Foul Ball, location: 2F
1-2: Foul Ball, location: 2F
1-2: Ball
2-2: Fielders Choice at 2nd, 6-4 (Groundball, 6)
Bottom of the 9th over - 1 run, 2 hits, 0 errors, 3 left on base; Wichita 15 - West Virginia 1
Saturday, April 7th, 2018 - OOTP Baseball 18.8 Build 76